 Dungeon Crawl Stone Soup version 0.31.0-12-g77e489cdc1 (webtiles) character file.

Game seed: 852451213422819277

163 Tropan82 the Conjurer (level 5, -4/40 HPs)
             Began as a Draconian Conjurer on Mar 1, 2024.
             Slain by Terence
             ... wielding a +5 antimagic hand axe
              (6 damage)
             ... on level 3 of the Dungeon.
             The game lasted 00:18:28 (3569 turns).

Tropan82 the Conjurer (Draconian Conjurer)          Turns: 3569, Time: 00:18:28

Health: -4/40      AC:  5    Str:  8 (9)  XL:     5   Next: 20%
Magic:  1/9        EV: 12    Int: 16 (17) God:
Gold:   128        SH:  0    Dex:  9 (11) Spells: 7/9 levels left

rFire   + . .        f - +2 dagger (holy)
rCold   . . .        (no shield)
rNeg    . . .        (body armour unavailable)
rPois   .            (helmet restricted)
rElec   .            (no cloak)
rCorr   .            (no gloves)
SInv    .            (no boots)
Will    .....        (no amulet)
Stlth   +            (no ring)
HPRegen 0.26/turn    (no ring)
MPRegen 0.11/turn

%: clarity
@: silenced
A: AC +5, unfitting armour, cold-blooded, clarity, dopey 1, fire resistance 1
a: no special abilities


You were on level 3 of the Dungeon.
You visited 1 branch of the dungeon, and saw 4 of its levels.

You collected 128 gold pieces.

Inventory:

Hand Weapons
 c - a +0 whip of electrocution
 f - a +2 dagger of holy wrath (weapon)
 j - a +2 whip of flaming
 n - a +0 morningstar
Missiles
 g - 3 javelins
 i - 6 poisoned darts
Scrolls
 a - a scroll of noise {unknown}
 b - 2 scrolls of identify
 d - a scroll of fog {unknown}
 e - 2 scrolls of enchant armour
 k - a scroll of fear {unknown}
 r - a scroll of teleportation {unknown}
 s - a scroll of brand weapon {unknown}
Potions
 m - a potion of lignification


   Skills:
 + Level 1.2 Fighting
 + Level 1.3 Short Blades
 + Level 0.6 Maces & Flails
 + Level 2.0 Dodging
 - Level 2.0 Stealth
 + Level 0.4 Unarmed Combat
 * Level 2.9 Spellcasting
 + Level 5.2 Conjurations
 + Level 0.1 Summonings


You had 7 spell levels left.
You knew the following spells:

 Your Spells              Type           Power      Damage    Failure   Level
a - Magic Dart            Conj           76%        1d6       2%          1
b - Summon Small Mammal   Summ           8%         N/A       19%         1

Your spell library contained the following spells:

 Spells                   Type           Power      Damage    Failure   Level
 Searing Ray              Conj           38%        2d5       3%          2
 Hailstorm                Conj/Ice       10%        3d6       19%         3
 Ensorcelled Hibernation  Hex/Ice        4%         N/A       28%         2
 Lesser Beckoning         Tloc           4%         N/A       28%         2
 Call Canine Familiar     Summ           2%         N/A       47%         3
 Fugue of the Fallen      Necr           2%         N/A       50%         3
 Gell's Gravitas          Tloc           2%         N/A       50%         3
 Summon Ice Beast         Ice/Summ       2%         N/A       50%         3
 Teleport Other           Tloc           2%         N/A       50%         3
 Fulminant Prism          Conj/Alch      5%         3d7       54%         4
 Iskenderun's Mystic Bla  Conj/Tloc      10%        2d4       54%         4
 Anguish                  Hex/Necr       1%         N/A       88%         4
 Summon Blazeheart Golem  Fire/Summ      2%         N/A       88%         4
 Sculpt Simulacrum        Ice/Alch       1%         N/A       100%        6


Dungeon Overview and Level Annotations

Branches:
Dungeon (4/15)
 Temple: D:4-7

Altars:
Gozag

Shops:
D:1 [=([

Annotations:
D:3 Terence
D:4 Sigmund


Innate Abilities, Weirdness & Mutations

Your plain brown scales are hard. (AC +5)
You cannot fit into any form of body armour.
You are cold-blooded and may be slowed by cold attacks.
You possess an exceptional clarity of mind.
You are dopey. (Int -2)
Your flesh is heat resistant. (rF+)


Message History

Terence barely misses you.
You closely miss Terence.
Terence is lightly wounded.
Terence barely misses you.
You closely miss Terence.
Terence is lightly wounded.
You hit Terence.
Your tail-slap misses Terence.
Terence is moderately wounded.
Terence completely misses you.
You hit Terence.
Terence is moderately wounded.
Terence hits you with a +5 antimagic hand axe!
You feel your power leaking away.
You closely miss Terence.
Your tail-slap misses Terence.
Terence is moderately wounded.
Terence hits you with a +5 antimagic hand axe!
* * * LOW HITPOINT WARNING * * *
You feel your power leaking away.
You hit Terence but do no damage.
Your tail-slap misses Terence.
Terence is moderately wounded.
Terence completely misses you.
You hit Terence but do no damage.
Terence is moderately wounded.
Terence barely misses you.
You hit Terence.
Terence is heavily wounded.
Terence hits you with a +5 antimagic hand axe.
* * * LOW HITPOINT WARNING * * *
You hit Terence but do no damage.
You tail-slap Terence, but do no damage.
Terence is heavily wounded.
Terence hits you with a +5 antimagic hand axe.
* * * LOW HITPOINT WARNING * * *
You closely miss Terence.
Terence is heavily wounded.
Terence closely misses you.
You barely miss Terence.
Terence is heavily wounded.
Terence hits you with a +5 antimagic hand axe.
You die...

.......#
###.#.#.###...###.#####.
.......#
#...#.....#.#.###.......
.......#
#...#####.#.#..########.
.......# #...........##..# #.
...†...# #..######.#####.# #.
.......# #.....###.### #.#####
#. .......# ##..........#
#.....###.
.......#######.###(#.#
#####..##.
###'...........#@#.#.# ##....
...'...........#@#.#.#
#######.
####.............#.#.#
#....##.
#..........####.#.#####.##.##.
#..........# #.#........#.##.
#..........# #o####.......##.
############### #)#
#.########. ....... ...### #.#
#.#.# #. #########....
#.####...# #.


You could see Terence.

Vanquished Creatures
  An orc priest (D:3)
  5 adders
  A ribbon worm (D:3)
  2 dart slugs
  6 orcs
  10 ball pythons
  8 bats
  4 endoplasms
  2 giant cockroaches
  3 goblins
  6 hobgoblins
  3 jackals (D:1)
  4 quokkas (D:2)
  5 frilled lizards
  9 kobolds
  7 rats
76 creatures vanquished.

Notes
Turn   | Place    | Note
-------+----------+-------------------------------------------
     0 | D:1      | Tropan82 the Draconian Conjurer began the quest for the
                  | Orb.
     0 | D:1      | Reached XP level 1. HP: 14/14 MP: 3/3
   160 | D:1      | Reached XP level 2. HP: 20/20 MP: 0/5
   299 | D:1      | Found Biydetel's Antique Armour Shoppe.
   599 | D:1      | Reached XP level 3. HP: 26/26 MP: 0/6
   697 | D:1      | Found Lukhluqu's Armour Emporium.
   731 | D:1      | Found Wairchei's Weapon Shoppe.
   733 | D:1      | Found Lorphaff's Jewellery Shop.
  1524 | D:2      | Reached XP level 4. HP: 15/34 MP: 3/7
  1624 | D:2      | You fall into a shaft and drop 1 floor!
  1720 | D:3      | Learned a level 1 spell: Summon Small Mammal
  1867 | D:3      | Found an opulent altar of Gozag.
  2064 | D:3      | Reached skill level 1 in Fighting
  2064 | D:3      | Reached skill level 1 in Short Blades
  2064 | D:3      | Reached skill level 5 in Conjurations
  2196 | D:4      | Noticed Sigmund
  2217 | D:4      | Gained mutation: You possess an exceptional clarity of
                  | mind. [potion of mutation]
  2217 | D:4      | Gained mutation: Your flesh is heat resistant. (rF+)
                  | [potion of mutation]
  2217 | D:4      | Gained mutation: You are dopey. (Int -2) [potion of
                  | mutation]
  2716 | D:3      | Reached XP level 5. HP: 28/40 MP: 9/9
  3430 | D:2      | Noticed Terence
  3567 | D:3      | HP: 2/40 [Terence/+5 antimagic hand axe (3)]
  3569 | D:3      | Slain by Terence

Illustrated notes

Levels and vault maps discovered:
D:1:      dpeg_arrival_pits, layout_basic, serial_shops, shop,
          nicolae_shop_hallway_stairs, shop, shop
D:2:      layout_basic, serial_bayou_pond_b, uniq_terence, uniq_jessica
D:3:      layout_basic, nicolae_gozag_seed_capital
D:4:      layout_gridville, overflow_temple_1_default, minmay_manual_macuahuitl,
          uniq_sigmund, uniq_grinder

Skill      XL: |  1  2  3  4 |
---------------+-------------+-----
Dodging        | 2 |  2.0
Stealth        | 2 |  2.0
Fighting       | 1 |  1.2
Short Blades   | 1 |  1.3
Conjurations   | 5 |  5.2
Maces & Flails | |  0.6
Unarmed Combat | |  0.4
Spellcasting   | |  2.9
Summonings     | |  0.1

Action                     |  1- 3 |  4- 6 || total
---------------------------+-------+-------++-------
  Melee: Unarmed           |    16 |       ||    16
         Whip              |    30 |       ||    30
         Tailslap          |     7 |     6 ||    13
         Punch             |     1 |       ||     1
         Dagger            |    31 |    60 ||    91
   Cast: Magic Dart        |    52 |    77 ||   129
         Summon Small Mamm |       |     5 ||     5
    Use: Scroll            |     1 |     5 ||     6
         Potion            |       |     4 ||     4
   Stab: Sleeping          |     2 |       ||     2
 Armour: Skin              |    64 |    57 ||   121
  Dodge: Dodged            |    68 |    66 ||   134
